 Dungeon Crawl Stone Soup version 0.28-a0-691-gad6df49e81 (webtiles) character file.

Game seed: 12958228844948524927

252 meatgazer the Shield-Bearer (level 5, -6/42 HPs)
             Began as a Demonspawn Fighter on Oct 20, 2021.
             Mangled by an ogre (23 damage)
             ... on level 4 of the Dungeon.
             The game lasted 00:04:37 (3218 turns).

meatgazer the Shield-Bearer (Demonspawn Fighter)    Turns: 3218, Time: 00:04:38

Health: -6/42      AC:  9    Str: 17    XL:     5   Next: 89%
Magic:  5/5        EV:  9    Int:  9    God:
Gold:   120        SH:  5    Dex: 13    Spells: 4/4 levels left

rFire   . . .      SeeInvis .   a - +0 long sword
rCold   . . .      Faith    .   c - +0 buckler
rNeg    . . .      Spirit   .   b - +0 scale mail
rPois   .          Reflect  .   (no helmet)
rElec   .          Harm     .   n - +0 cloak
rCorr   .          Rampage  .   (no gloves)
Will    +....                   p - +1 pair of boots
Stlth   ..........              q - amulet of the acrobat
HPRegen 0.14/turn               o - ring of willpower
MPRegen 0.09/turn               (no ring)

@: mighty, hasted, very quick
A: ignite blood 1
a: no special abilities


You were on level 4 of the Dungeon.
You visited 1 branch of the dungeon, and saw 4 of its levels.

You collected 120 gold pieces.

Inventory:

Hand Weapons
 a - a +0 long sword (weapon)
Armour
 b - a +0 scale mail (worn)
 c - a +0 buckler (worn)
 n - a +0 cloak (worn)
 p - a +1 pair of boots (worn)
Jewellery
 o - a ring of willpower (left hand)
 q - an amulet of the acrobat (around neck)
Wands
 r - a wand of flame (11)
Potions
 f - a potion of attraction {unknown}
 i - 3 potions of curing
 k - a potion of lignification {unknown}
 l - a potion of heal wounds {unknown}


   Skills:
 * Level 4.2 Fighting
 * Level 3.1 Long Blades
 + Level 2.6 Armour
 - Level 4.6 Shields


You had 4 spell levels left.
You didn't know any spells.
Your spell library was empty.

Dungeon Overview and Level Annotations

Branches:
Dungeon (4/15)
 Temple: D:4-7

Altars:


Innate Abilities, Weirdness & Mutations

Your demonic aura sometimes causes spilled blood to erupt in flames.


Message History

No target in view!
No target in view!
No target in view!
You now have 120 gold pieces (gained 10).
Found a stone staircase leading up.
Done exploring.
Done exploring.
As you read the scroll labelled VOTRISHR ECSU, it crumbles to dust.
You feel strangely unstable.
It was a scroll of teleportation.
Blink to where?
Press: ? - help, Dir - move target
As you read the scroll labelled LEDYJU NOIZUM, it crumbles to dust.
It was a scroll of blinking.
As you read the scroll labelled ISOGGAUZER, it crumbles to dust.
You speak a Word of immense power!
You are blasted by holy energy!
It was a scroll of holy word.
As you read the scroll labelled OSONIL KAME, it crumbles to dust.
It is a scroll of identify.
i - 3 potions of curing It was a potion of haste.
You feel yourself speed up.
Your surroundings suddenly seem different.
(D) Dungeon
Where to? (Enter - D:3, ? - help)
There is a stone staircase leading down here.
You climb downwards.
The adder hisses angrily.
The ogre misses you.
A kobold comes into view. It is wielding a +0 short sword.
There is a stone staircase leading up here.
You slash the ogre!
The ogre is moderately wounded.
You slash the ogre!
The ogre is severely wounded.
The kobold throws a stone.
The stone hits you but does no damage.
The ogre hits you with a +0 giant spiked club!
You are too injured to fight recklessly!
You feel very mighty all of a sudden.
The ogre hits you with a +0 giant spiked club!!
Ouch! That really hurt!
You die...

##.............#
#...............
#.............##
#...............
##.............#
##...##....##..
######..#####..## #
. .......##
##...#####....
.#######
#....O@<.S.... .#
######.>..#####....
.# ###..........# .
####...####..##.#
.....### #..# ..>
###### #...# ####
..)### ... ?##


You could see an ogre and an adder.

Vanquished Creatures
  Sigmund (D:4)
  6 adders
  An orc (D:3)
  A ball python (D:1)
  4 endoplasms
  5 hobgoblins
  4 jackals (D:1)
  7 kobolds
  2 quokkas
  4 bats
  2 frilled lizards
  3 goblins
  3 rats
43 creatures vanquished.

Notes
Turn   | Place    | Note
-------+----------+-------------------------------------------
     0 | D:1      | meatgazer the Demonspawn Fighter began the quest for the
                  | Orb.
     0 | D:1      | Reached XP level 1. HP: 18/18 MP: 1/1
   476 | D:1      | Gained mutation: Your demonic aura sometimes causes spilled
                  | blood to erupt in flames. [demonic ancestry]
   476 | D:1      | Reached XP level 2. HP: 24/24 MP: 2/2
   965 | D:2      | Reached XP level 3. HP: 8/29 MP: 3/3
  1881 | D:2      | Reached XP level 4. HP: 35/35 MP: 4/4
  2860 | D:3      | You fall into a shaft and drop 1 floor!
  2864 | D:4      | Noticed Sigmund
  2870 | D:4      | Killed Sigmund
  2871 | D:4      | Reached XP level 5. HP: 37/42 MP: 5/5
  2944 | D:4      | Noticed an ogre
  3218 | D:4      | Mangled by an ogre

Illustrated notes

Levels and vault maps discovered:
D:1:      scummos_arrival_forest, layout_basic
D:2:      layout_basic, amcnicky_mini_pool_small,
          chequers_serial_rivers_micro_d, eino_tiny_chamber,
          nrook_mini_backslash
D:3:      layout_basic, minmay_misc_feat_alley
D:4:      layout_rooms, minmay_temple_entry_nine_rooms, kennysheep_another_room,
          uniq_sigmund, uniq_robin

Skill      XL: |  1  2  3  4 |
---------------+-------------+-----
Long Blades    | 2 3 |  3.1
Shields        | 3 4 |  4.6
Fighting       | 4 |  4.2
Armour         | |  2.6

Action                   |  1- 3 |  4- 6 || total
-------------------------+-------+-------++-------
Melee: Long sword        |   102 |    55 ||   157
  Use: Scroll            |       |     4 ||     4
       Potion            |       |     2 ||     2
Armor: Scale mail        |    50 |    16 ||    66
Dodge: Dodged            |    52 |    19 ||    71
Block: Buckler           |    29 |    11 ||    40

Table legend: (Time is in decaauts)
 A = Elapsed time spent in this place.
 B = Non-inter-level travel time spent in this place.
 C = Inter-level travel time spent in this place.
 D = Time resting spent in this place.
 E = Time spent auto-exploring this place.
 F = Levels seen in this place.
 G = Mean time per level.
                   A        B        C        D        E       F      G
               +--------+--------+--------+--------+--------+-----+--------+
         Total |   3257 |   3178 |     79 |    574 |   2209 |   4 |  814.2 |
       Dungeon |   3257 |   3178 |     79 |    574 |   2209 |   4 |  814.2 |
               +--------+--------+--------+--------+--------+-----+--------+

Top non-repeatable levels by time:
     D:2: 1294 daAuts
     D:3: 938 daAuts
     D:1: 935 daAuts
     D:4: 89 daAuts
